 Dungeon Crawl Stone Soup version 0.16-a0-3308-g116f5c4 (webtiles) character file.

72 PolkaDot the Caller (level 4, 0/34 HPs)
             Began as a Vampire Summoner on Dec 26, 2014.
             Slain by a hound (4 damage)
             ... on level 4 of the Dungeon.
             The game lasted 00:04:39 (2375 turns).

PolkaDot the Caller (Vampire Summoner)              Turns: 2375, Time: 00:04:40

Health: 0/34       AC:  3    Str:  7    XL:     4   Next: 7%
Magic:  3/7        EV: 12    Int: 18    God:
Gold:   95         SH:  0    Dex: 14    Spells: 3 memorised, 1 level left

rFire  . . .     SeeInvis +     g - +0 short sword
rCold  . . .     Clarity  .     a - +0 robe
rNeg   . . .     SustAb   .     (no shield)
rPois  .         Gourm    .     (no helmet)
rElec  .         Spirit   .     k - +0 cloak
rCorr  .         Warding  .     (no gloves)
rMut   .         Stasis   .     (no boots)
MR     .....                    (no amulet)
Stlth  ++........               (no ring)
                                (no ring)

@: lethally poisoned, very slightly contaminated, regenerating quickly, not
resistant to hostile enchantments, unstealthy
A: bottle blood, fangs 3, see invisible, unbreathing
a: no special abilities


You were on level 4 of the Dungeon.
You were very full.

You visited 1 branch of the dungeon, and saw 3 of its levels.

You collected 95 gold pieces.

Inventory:

Hand weapons
 g - a +0 short sword (weapon)
Armour
 a - a +0 robe (worn)
 k - a +0 cloak (worn)
Scrolls
 e - a scroll of immolation
 f - a scroll of blinking
 i - a scroll of noise {unknown}
 j - a scroll of amnesia {unknown}
 m - a scroll of fear {unknown}
 n - a scroll of remove curse {unknown}
 o - a scroll of magic mapping {unknown}
Potions
 d - a potion of restore abilities
Books
 b - a book of Callings

   Spells                             Type                      Level
   a - Summon Small Mammal            Summoning                    1
   b - Call Imp                       Summoning                    2
   c - Call Canine Familiar           Summoning                    3
   d - Summon Guardian Golem          Hexes/Summoning              4
   e - Summon Lightning Spire         Summoning/Air                4
   f - Summon Ice Beast               Ice/Summoning                4


   Skills:
 * Level 2.6 Fighting
 - Level 2.1 Dodging
 - Level 3.0 Stealth
 + Level 2.0 Spellcasting
 + Level 4.6 Summonings


You had one spell level left.
You knew the following spells:

 Your Spells              Type           Power        Failure   Level  Hunger
d - Call Canine Familiar  Summ           ###.....     10%         3    ###....
s - Call Imp              Summ           ###.....     4%          2    ###....
z - Summon Small Mammal   Summ           ###.         2%          1    #......


Dungeon Overview and Level Annotations

Branches:
Dungeon (4/15)
 Temple: D:4-7

Altars:

Annotations:
D:4 runewalsh's ghost, experienced OpIE


Innate Abilities, Weirdness & Mutations

Your natural rate of healing is unusually fast.
You can bottle blood from corpses.
You have razor-sharp teeth.
You have supernaturally acute eyesight.
You can survive without breathing.


Message History

You feel sick. The hound misses you. The goblin barely misses you.
There is an open door here.
Runewalsh's ghost grins evilly.
Runewalsh's ghost hits your hound.
Your hound barely misses runewalsh's ghost.
The giant gecko bites you.
* * * LOW HITPOINT WARNING * * *
You feel sick.
Your hound bites runewalsh's ghost but does no damage.
Runewalsh's ghost casts a spell at you.
You are frozen.
* * * LOW HITPOINT WARNING * * *
Something hits your hound.
The giant gecko closely misses your hound.
You feel sick. Something closely misses your hound.
Runewalsh's ghost barely misses you.
You feel sick.
The giant gecko barely misses your hound.
Your hound closely misses the hound.
The hound bites you.
You die...

# .# .# .# #+# ## ##.#
#...##. ...## .....#.
#####...# .......
#glhW...#
........##.#.h@..#
........'..............
........##......###.##
...............# .
.....####.####.# #...#
#.. .# #+# #.# .# #.#
.# #?# .


You could see a hound, runewalsh's ghost, a giant gecko, a goblin and a friendly
hound.

Vanquished Creatures
  A worker ant (D:4)
  A giant gecko (D:2)
  An ooze (D:1)
  3 giant cockroaches
  2 goblins (D:1)
  2 hobgoblins
  4 jackals
  A quokka (D:2)
  2 ball pythons (D:2)
  4 bats
  2 giant newts (D:2)
  3 kobolds
  A quokka skeleton (D:4)
  4 rats
31 creatures vanquished.

Vanquished Creatures (collateral kills)
  An adder (D:1)
  A worm (D:2)
  A goblin (D:1)
  A hobgoblin (D:1)
  A jackal (D:1)
  2 kobolds
7 creatures vanquished.

Vanquished Creatures (others)
  3 rats (D:1)
3 creatures vanquished.

Grand Total: 41 creatures vanquished

Notes
Turn   | Place    | Note
--------------------------------------------------------------
     0 | D:1      | PolkaDot, the Vampire Summoner, began the quest for the Orb.
     0 | D:1      | Reached XP level 1. HP: 13/13 MP: 3/3
   628 | D:1      | Reached skill level 1 in Fighting
   736 | D:1      | Reached XP level 2. HP: 18/21 MP: 4/4
  1492 | D:1      | Learned a level 2 spell: Call Imp
  1658 | D:2      | Reached XP level 3. HP: 25/27 MP: 0/6
  2118 | D:2      | You fall through a shaft for 2 floors!
  2252 | D:4      | Reached XP level 4. HP: 21/34 MP: 7/7
  2316 | D:4      | Learned a level 3 spell: Call Canine Familiar
  2337 | D:4      | Noticed a scorpion
  2365 | D:4      | Noticed runewalsh's ghost (experienced OpIE)
  2375 | D:4      | Slain by a hound

Action                   |  1- 3 |  4- 6 || total
-------------------------+-------+-------++-------
Melee: Short sword       |   112 |    16 ||   128
       Unarmed           |     8 |       ||     8
 Cast: Summon Small Mamm |    20 |       ||    20
       Call Imp          |     4 |       ||     4
       Call Canine Famil |       |     1 ||     1
  Use: Potion            |     1 |       ||     1
       Scroll            |     4 |     1 ||     5
 Stab: Sleeping          |     7 |       ||     7
  Eat: Corpse            |    14 |       ||    14
